 Dungeon Crawl Stone Soup version 0.29-a0-791-ga0f254aafb (webtiles) character file.

Game seed: 18160066718227171038

1292 Garessta the Transmogrifier (level 8, -2/48 HPs)
             Began as an Octopode Transmuter on July 3, 2022.
             Was an Elder of Jiyva.
             Succumbed to a killer bee's poison
             ... on level 7 of the Dungeon.
             The game lasted 00:14:19 (4445 turns).

Garessta the Transmogrifier (Octopode Transmuter)   Turns: 4445, Time: 00:14:19

Health: -2/48      AC:  3    Str:  9    XL:     8   Next: 56%
Magic:  11/11      EV: 13    Int: 17    God:    Jiyva [****..]
Gold:   121        SH:  0    Dex: 13    Spells: 1/11 levels left

rFire   . . .      SeeInvis .     - Unarmed
rCold   . . .      Faith    .   (no shield)
rNeg    . . .      Spirit   .   (helmet currently unavailable)
rPois   .          Reflect  .   (no amulet)
rElec   .          Harm     .   (no ring)
rCorr   +          Rampage  .   (no ring)
Will    .....                   (no ring)
Stlth   ++........              (no ring)
HPRegen 1.44/turn               (no ring)
MPRegen 0.52/turn               (no ring)
                                (no ring)
                                (no ring)

@: lethally poisoned (-2 -> -9), appendages, wereblooded
A: tentacle spike 3, almost no armour, amphibious, 8 rings, camouflage 1,
gelatinous body 1, (nimble swimmer 1), tentacles, iridescent scales 1, wild
magic 3
a: End Transformation, Renounce Religion, Oozemancy, Slimify


You were on level 7 of the Dungeon.
You worshipped Jiyva.
Jiyva was greatly pleased with you.
One of your tentacles had grown a beastly spike.
You visited 2 branches of the dungeon, and saw 8 of its levels.

You collected 121 gold pieces.

Inventory:

Jewellery
 a - a ring of flight
 v - an amulet of guardian spirit
Wands
 o - a wand of flame (12)
Scrolls
 b - 2 scrolls of magic mapping {unknown}
 d - 2 scrolls of summoning {unknown}
 e - a scroll of acquirement {unknown}
 h - 8 scrolls of identify {unknown}
 k - a scroll of fog {unknown}
 m - 3 scrolls of torment {unknown}
 n - a scroll of poison {unknown}
 p - a scroll of enchant armour {unknown}
 q - a scroll of enchant weapon {unknown}
 r - a scroll of teleportation {unknown}
 s - a scroll of fear {unknown}
Potions
 c - a potion of haste {unknown}
 f - a potion of resistance {unknown}
 g - 2 potions of curing
 i - a potion of brilliance {unknown}
 j - a potion of attraction {unknown}
 l - 3 potions of degeneration {unknown}
 t - 2 potions of mutation {unknown}
 u - 2 potions of berserk rage {unknown}


   Skills:
 - Level 1.0 Fighting
 - Level 2.0 Dodging
 - Level 3.0 Unarmed Combat
 - Level 2.0 Spellcasting
 * Level 8.0 Transmutations
 + Level 5.4 Ice Magic
 - Level 3.3 Poison Magic


You had one spell level left.
You knew the following spells:

 Your Spells              Type           Power      Damage    Failure   Level
a - Beastly Appendage     Tmut           100%       N/A       5%          1
b - Wereblood             Tmut           53%        N/A       7%          2
c - Spider Form           Tmut/Pois      40%        N/A       19%         3
d - Ice Form              Ice/Tmut       47%        N/A       32%         4

Your spell library contained the following spells:

 Spells                   Type           Power      Damage    Failure   Level
 Magic Dart               Conj           12%        1d3       43%         1
 Passwall                 Tmut/Erth      24%        N/A       19%         2
 Frozen Ramparts          Ice            76%        1d9       21%         3
 Ensorcelled Hibernation  Hex/Ice        40%        N/A       28%         2
 Blade Hands              Tmut           26%        N/A       45%         5
 Call Imp                 Summ           3%         N/A       54%         2
 Mephitic Cloud           Conj/Pois/Air  10%        N/A       63%         3
 Portal Projectile        Hex/Tloc       6%         N/A       75%         3
 Swiftness                Air            3%         N/A       75%         3
 Tukima's Dance           Hex            3%         N/A       75%         3
 Summon Ice Beast         Ice/Summ       20%        N/A       78%         4


Dungeon Overview and Level Annotations

Branches:
Dungeon (7/15)             Temple (1/1) D:7

Altars:
Nemelex Xobeh
Okawaru
Sif Muna
Zin
Jiyva


Innate Abilities, Weirdness & Mutations

One of your tentacles has grown a beastly spike.
You cannot wear most types of armour.
You are amphibious.
You can wear up to eight rings at the same time.
Your skin changes colour to match your surroundings (Stealth+).
Your rubbery body absorbs attacks. (AC +1, EV +1)
((You are camouflaged when in or above water. (Stealth+)))
You have tentacles for arms and can constrict up to eight enemies at once.
You are partially covered in iridescent scales. (AC +2)
Your spells are much harder to cast, but much more powerful.


Message History

Your grab misses the killer bee.
The killer bee is severely wounded.
You feel very sick.
The killer bee barely misses you. x3; The killer bee misses you.
Unknown command.
You tentacle-slap the killer bee. You grab the killer bee.
The killer bee is severely wounded.
You constrict the killer bee.
You feel very sick. The killer bee completely misses you.
The killer bee barely misses you. The killer bee closely misses you.
The killer bee stings you.
You are more poisoned.
The killer bee poisons you!
You tentacle-slap the killer bee.
You feel a bit better.
You kill the killer bee!
You feel very sick. The killer bee barely misses you.
The killer bee stings you but does no damage.
Your Transmutations skill increases to level 8!
Unknown command.
You tentacle-slap the killer bee but do no damage.
Your grab misses the killer bee.
You howl as the wereblood boils in your veins!
You feel very sick. The killer bee stings you.
* * * LOW HITPOINT WARNING * * *
You are lethally poisoned!
The killer bee poisons you! The killer bee barely misses you. x2
The killer bee closely misses you.
You feel better. The killer bee stings you.
* * * LOW HITPOINT WARNING * * *
You are poisoned.
The killer bee poisons you! The killer bee stings you.
* * * LOW HITPOINT WARNING * * *
You are more poisoned.
The killer bee poisons you! The killer bee barely misses you. x2
The killer bee attacks as you move away!
The killer bee stings you!
* * * LOW HITPOINT WARNING * * *
You die...

##### .
#########...####### ...
.........###.##..y##.....
########.# #....#.yy.....
#.###..##@##.....)
#......#### .....
####.####.# ....
##.......##. ...
#..##.##.# #. ..
#........# # .
#.8.8.8..####
..##..⌠.⌠.......
#....8.>.8......


You could see 3 killer bees.

Vanquished Creatures
  2 water moccasins (D:5)
  An ice beast (D:5)
  An orc warrior (D:6)
  2 black bears
  A centaur (D:4)
  2 phantoms (D:6)
  A scorpion (D:6)
  2 killer bees (D:7)
  Jessica (D:2)
  4 orc wizards
  An iguana (D:5)
  Ijyb (D:3)
  5 adders
  2 shadow imps
  2 ufetubi
  A worm (D:2)
  A dart slug (D:1)
  9 orcs
  6 ball pythons
  2 endoplasms (D:1)
  6 giant cockroaches
  6 goblins
  4 hobgoblins
  8 jackals
  7 kobolds
  2 quokkas
  8 bats
  4 frilled lizards
  2 rats (D:2)
94 creatures vanquished.

Vanquished Creatures (others)
  A bullfrog (D:6)
  A howler monkey (D:5)
  A jelly (D:5)
  A hound (D:5)
  An iguana (D:6)
  An ufetubus (D:6)
  A giant cockroach (D:3)
  A hobgoblin (D:1)
  A bat (D:3)
9 creatures vanquished.

Grand Total: 103 creatures vanquished

Notes
Turn   | Place    | Note
-------+----------+-------------------------------------------
     0 | D:1      | Garessta the Octopode Transmuter began the quest for the
                  | Orb.
     0 | D:1      | Reached XP level 1. HP: 13/13 MP: 3/3
   180 | D:1      | Reached skill level 1 in Poison Magic
   182 | D:1      | Reached XP level 2. HP: 15/18 MP: 5/5
   192 | D:1      | Learned a level 2 spell: Wereblood
   572 | D:1      | Reached XP level 3. HP: 23/23 MP: 2/6
   579 | D:1      | Learned a level 3 spell: Spider Form
   633 | D:1      | Found a faded altar of an unknown god.
   639 | D:1      | Prayed at the altar of an unknown god.
   639 | D:1      | Became a worshipper of Jiyva Jakaeth the Shapeless
   639 | D:1      | Reached * piety under Jiyva
  1174 | D:2      | Reached skill level 3 in Transmutations
  1174 | D:2      | Noticed Jessica
  1179 | D:2      | Killed Jessica
  1180 | D:2      | Reached XP level 4. HP: 28/28 MP: 7/7
  1287 | D:2      | Reached ** piety under Jiyva
  1524 | D:3      | Found a shimmering blue altar of Sif Muna.
  1581 | D:3      | Reached XP level 5. HP: 33/33 MP: 8/8
  1701 | D:3      | Noticed Ijyb
  1725 | D:3      | Killed Ijyb
  1726 | D:3      | Reached skill level 1 in Ice Magic
  1791 | D:3      | Reached *** piety under Jiyva
  1908 | D:3      | Reached skill level 4 in Transmutations
  2069 | D:3      | Gained mutation: Your spells are a little harder to cast,
                  | but a little more powerful. [Jiyva's grace]
  2069 | D:3      | Gained mutation: Your spells are harder to cast, but more
                  | powerful. [Jiyva's grace]
  2069 | D:3      | Gained mutation: Your spells are much harder to cast, but
                  | much more powerful. [Jiyva's grace]
  2069 | D:3      | Gained mutation: You are partially covered in iridescent
                  | scales. (AC +2) [Jiyva's grace]
  2522 | D:4      | Reached **** piety under Jiyva
  2702 | D:4      | Noticed a black bear
  2717 | D:4      | Killed a black bear
  2718 | D:4      | Reached XP level 6. HP: 25/38 MP: 9/9
  2860 | D:4      | Reached skill level 5 in Transmutations
  3202 | D:5      | Entered Level 5 of the Dungeon
  3264 | D:5      | Noticed a water moccasin
  3272 | D:5      | Killed a water moccasin
  3273 | D:5      | Reached XP level 7. HP: 32/43 MP: 10/10
  3382 | D:5      | Learned a level 4 spell: Ice Form
  3481 | D:5      | Reached skill level 6 in Transmutations
  3673 | D:5      | Reached XP level 8. HP: 38/48 MP: 11/11
  3918 | D:6      | Reached skill level 7 in Transmutations
  3920 | D:6      | Reached skill level 5 in Ice Magic
  4388 | D:7      | Found a staircase to the Ecumenical Temple.
  4399 | Temple   | Entered the Ecumenical Temple
  4443 | D:7      | Reached skill level 8 in Transmutations
  4445 | D:7      | HP: 2/48 [killer bee (8)]
  4445 | D:7      | Succumbed to a killer bee's poison

Illustrated notes

Levels and vault maps discovered:
D:1:      kilobyte_arrival_exit_the_forest, layout_loops_ring,
          basic_ecumenical_altar
D:2:      layout_rooms, uniq_jessica
D:3:      layout_basic, mainiacjoe_overflow_boulevard, serial_rivers,
          chequers_serial_rivers_marsh, chequers_serial_rivers_marsh,
          chequers_serial_rivers_micro_d, chequers_serial_rivers_room_b,
          uniq_ijyb
D:4:      layout_basic
D:5:      layout_basic
D:6:      layout_basic
D:7:      layout_loops_ring, mainiacjoe_overflow_large_starburst,
          minmay_temple_entry_statues_fountains
Temple:   compressed_dpeg_circular_temple

Skill      XL: |  1  2  3  4  5  6  7  8 |
---------------+-------------------------+-----
Poison Magic   | 1 2 3 |  3.3
Transmutations | 3 4 5 6 8 |  8.0
Ice Magic      | 2 3 4 5 |  5.4
Fighting       | |  1.0
Dodging        | |  2.0
Unarmed Combat | |  3.0
Spellcasting   | |  2.0

Action                   |  1- 3 |  4- 6 |  7- 9 || total
-------------------------+-------+-------+-------++-------
Melee: Unarmed           |    64 |   121 |    97 ||   282
       Constrict         |    19 |    25 |     9 ||    53
       Kick              |    25 |    27 |    16 ||    68
       Tentacles         |    13 |    11 |    13 ||    37
       Punch             |     1 |     2 |       ||     3
 Cast: Beastly Appendage |    18 |    22 |     7 ||    47
       Wereblood         |     7 |     4 |     3 ||    14
       Spider Form       |       |     2 |     2 ||     4
Invok: Oozemancy         |       |     1 |     1 ||     2
  Use: Potion            |       |     1 |     2 ||     3
 Stab: Sleeping          |     1 |     6 |     2 ||     9
Armor: Skin              |     2 |    32 |    18 ||    52
Dodge: Dodged            |    35 |    87 |    90 ||   212

Table legend: (Time is in decaauts)
 A = Elapsed time spent in this place.
 B = Non-inter-level travel time spent in this place.
 C = Inter-level travel time spent in this place.
 D = Time resting spent in this place.
 E = Time spent auto-exploring this place.
 F = Levels seen in this place.
 G = Mean time per level.
                   A        B        C        D        E       F      G
               +--------+--------+--------+--------+--------+-----+--------+
         Total |   4427 |   4305 |    122 |     64 |   3492 |   8 |  553.4 |
       Dungeon |   4425 |   4303 |    122 |     64 |   3492 |   7 |  632.1 |
        Temple |      1 |      1 |      0 |      0 |      0 |   1 |    1.0 |
               +--------+--------+--------+--------+--------+-----+--------+

Top non-repeatable levels by time:
     D:1: 1163 daAuts
     D:3: 843 daAuts
     D:4: 839 daAuts
     D:5: 633 daAuts
     D:6: 475 daAuts
     D:2: 345 daAuts
     D:7: 125 daAuts
  Temple: 1 daAuts
